 Dungeon Crawl Stone Soup version 0.21.1-1-g345015f (webtiles) character file.

118647 garbagetei the Devastator (level 16, 0/138 HPs)
             Began as a Yellow Draconian Conjurer on Feb 23, 2018.
             Was the Champion of Vehumet.
             Slain by Donald
             ... wielding a +4 long sword of holy wrath
              (4 damage)
             ... on level 3 of the Swamp.
             The game lasted 02:17:40 (46038 turns).

garbagetei the Devastator (DrCj)                   Turns: 46038, Time: 02:17:42

Health: 0/138      AC: 19    Str: 16    XL:     16   Next: 26%
Magic:  9/34       EV: 19    Int: 20    God:    Vehumet [******]
Gold:   3167       SH:  6    Dex: 14    Spells: 10/43 levels left

rFire    + . .     SeeInvis .   H - +8 whip "Snakebite" {curare, rPois}
rCold    . . .     Gourm    +   x - +0 buckler {AC+3}
rNeg     . . .     Faith    .   (armour unavailable)
rPois    +         Spirit   .   X - +2 hat {MR+}
rElec    +         Reflect  .   m - +0 cloak
rCorr    +         Harm     .   O - +1 pair of gloves of the Mind {rElec MR+ Str+5}
MR       +++..                  w - +1 pair of boots
Stlth    ++........             l - amulet of the gourmand
HPRegen  0.33/turn              h - ring of stealth
MPRegen  0.24/turn              N - ring of protection from fire

@: short of breath, very slow
A: spit acid, acid resistance, unfitting armour, acidic bite, cold-blooded, AC
+9
a: Breathe Acid, Renounce Religion


You were on level 3 of the Swamp.
You worshipped Vehumet.
Vehumet was exalted by your worship.
You were not hungry.

You visited 5 branches of the dungeon, and saw 27 of its levels.

You collected 3462 gold pieces.
You spent 295 gold pieces at shops.

Inventory:

Hand Weapons
 c - a +0 whip
 H - the +8 whip "Snakebite" (weapon) {curare, rPois}
   (You found it on level 2 of the Lair of Beasts)

   It poisons the flesh of those it strikes.
   It protects you from poison.
Armour
 m - a +0 cloak (worn)
 w - a +1 pair of boots (worn)
 x - a +0 buckler of protection (worn)
 K - the +0 pair of gloves "Nirikhei" {rElec rN+ Int+2 Stlth-}
   (You found it on level 6 of the Lair of Beasts)

   It affects your intelligence (+2).
   It insulates you from electricity.
   It protects you from negative energy.
   It makes you less stealthy.
 O - the +1 pair of gloves of the Mind (worn) {rElec MR+ Str+5}
   (You found it on level 5 of the Lair of Beasts)

   It affects your strength (+5).
   It insulates you from electricity.
   It affects your resistance to hostile enchantments.
 X - a +2 hat of magic resistance (worn)
Magical Staves
 z - an uncursed staff of conjuration
Jewellery
 a - an uncursed ring of protection from fire
 f - an uncursed amulet of regeneration
 h - a ring of stealth (left hand)
 l - an amulet of the gourmand (around neck)
 B - an uncursed ring of fire
 N - a ring of protection from fire (right hand)
Wands
 t - a wand of random effects (31)
 C - a wand of disintegration (7)
 E - a wand of paralysis (5)
 J - a wand of acid (5)
 M - a wand of enslavement (35)
 R - a wand of clouds (2)
 W - a wand of polymorph (24)
Scrolls
 d - 8 scrolls of amnesia
 e - 3 scrolls of immolation {unknown}
 i - 2 scrolls of blinking
 n - 13 scrolls of remove curse
 p - 2 scrolls of torment
 q - 7 scrolls of magic mapping
 r - 4 scrolls of enchant weapon {unknown}
 u - 6 scrolls of fog
 v - a scroll of noise
 y - a scroll of holy word
 L - 4 scrolls of teleportation
 Y - a scroll of identify
 Z - a scroll of enchant armour
Potions
 g - 5 potions of flight
 j - 6 potions of haste
 o - 3 potions of lignification
 s - 3 potions of mutation
 A - 3 potions of curing
 F - a potion of resistance
 G - a potion of magic
 I - 5 potions of heal wounds
 P - a potion of berserk rage {unknown}
 Q - a potion of might
 T - 2 potions of ambrosia
 U - a potion of cancellation
Books
 k - a book of Flames

   Spells                             Type                      Level
   a - Flame Tongue                   Conjuration/Fire             1
   b - Throw Flame                    Conjuration/Fire             2
   c - Conjure Flame                  Conjuration/Fire             3
   d - Inner Flame                    Hexes/Fire                   3
   e - Sticky Flame                   Conjuration/Fire             4
   f - Fireball                       Conjuration/Fire             5
 D - a book of Enchantments

   Spells                             Type                      Level
   a - Cause Fear                     Hexes                        4
   b - Yara's Violent Unravelling     Hexes/Transmutation          5
   c - Silence                        Hexes/Air                    5
   d - Deflect Missiles               Charms/Air                   6
   e - Discord                        Hexes                        8
Miscellaneous
 V - a phial of floods (inert)
Comestibles
 b - 56 rations


   Skills:
 + Level 11.4 Fighting
 + Level 8.9 Maces & Flails
 + Level 10.4 Dodging
 - Level 1.7 Stealth
 + Level 7.5 Shields
 * Level 14.1 Spellcasting
 * Level 15.5 Conjurations
 - Level 2.1 Translocations
 * Level 5.3 Fire Magic
 - Level 3.0 Air Magic


You had 10 spell levels left.
You knew the following spells:

 Your Spells              Type           Power        Failure   Level  Hunger
a - Magic Dart            Conj           ####         0%          1    None
b - Searing Ray           Conj           ######       0%          2    None
c - Blink                 Tloc           N/A          2%          2    None
d - Dazzling Spray        Conj/Hex       #####.       1%          3    None
e - Force Lance           Conj/Tloc      #####...     1%          4    None
f - Mephitic Cloud        Conj/Pois/Air  #####...     1%          3    None
g - Fulminant Prism       Conj/Hex       #####.....   1%          4    None
h - Sticky Flame          Conj/Fire      ######..     1%          4    None
i - Fireball              Conj/Fire      ######....   1%          5    ###....
j - Lightning Bolt        Conj/Air       ######....   1%          5    ###....


Dungeon Overview and Level Annotations

Branches:
Dungeon (14/15)            Temple (1/1) D:6            Lair (6/6) D:11
  Swamp (4/4) Lair:3       Spider (0/4) Lair:3        Slime (0/5) Lair:5
    Orc (2/2) D:11            Elf (0/3) Orc:2        Vaults (0/5) D:13

Altars:
Ashenzari
Cheibriados
Dithmenos
Elyvilon
Fedhas
Gozag
Hepliaklqana
Kikubaaqudgha
Makhleb
Nemelex Xobeh
Okawaru
Qazlal
Ru
Sif Muna
Trog
Uskayaw
Vehumet
Wu Jian
Xom
Yredelemnul
Zin
The Shining One
Beogh
Jiyva

Shops:
D:8 *   D:9 [*[   Orc:2 (!*[

Annotations:
D:7 1994's ghost, novice OgBe
D:8 Maurice
D:9 2 runed doors
Swamp:3 Donald


Innate Abilities, Weirdness & Mutations

You can spit globs of acid.
You are resistant to acid.
Your golden yellow scales are hard. (AC +9)
You cannot fit into any form of body armour.
You have acidic saliva.
You are cold-blooded and may be slowed by cold attacks.


Message History

You feel much better.
Donald is no longer moving quickly.
Donald is engulfed in blazing flames.
Donald says, "If there's anything I hate more than water, it's brackish swamp water."
Donald hits you with a long sword of holy wrath!!
* * * LOW HITPOINT WARNING * * *
Donald is engulfed in blazing flames.
Donald hits you with a long sword of holy wrath!!
* * * LOW HITPOINT WARNING * * *
Okay, then.
Evoke which item? (* to show all) (? for menu, Esc to quit)
Aim the phial where?
Press: ? - help, Shift-Dir - straight line, f/p - Donald
Aim: Donald, wielding a long sword of holy wrath, wearing a runed chain mail and wearing a shield (flame, water, heavily wounded, unusually strong, covered in acid) Donald blocks the torrent of water.
The wave splashes down.
Splash!
You fall into the shallow water.
Moving in this stuff is going to be slow.
The water rises up and takes form.
Donald is engulfed in blazing flames.
Donald hits you with a long sword of holy wrath.
You die...

.###......♣
♣.≈.≈≈≈..♣♣♣♣
.......≈.♣♣ ♣♣.≈≈...♣♣
.....≈≈.≈.♣ ♣.≈≈..♣♣
≈.≈≈..(♣.♣♣ ♣.≈≈.♣♣
.≈...≈♣♣♣♣ ♣.....♣♣ ♣
≈...≈.♣ ♣♣.≈≈♣..♣♣ ♣♣
♣≈....♣ ♣.≈......♣♣♣
♣♣♣♣. ♣.≈..♣♣
♣♣≈≈.≈≈.♣.≈≈♣♣♣≈...
♣..≈≈≈♣
♣≈@≈.≈≈.♣♣..≈≈≈≈≈≈.
♣....♣♣
♣♣§@≈.....≈≈≈♣≈.≈≈.≈
♣.≈.♣♣
♣♣≈§§E.♣♣.≈≈≈≈≈..≈≈≈.
♣.≈..♣♣
♣♣≈≈♣§§♣♣♣.≈≈≈≈♣≈.≈≈[)
♣.≈≈.(♣ ♣♣..≈♣§§♣
♣.≈.≈≈≈≈.≈≈≈)
♣.≈≈≈.♣♣♣♣♣≈.≈≈.§♣♣
♣♣..≈≈♣..<...
♣.≈≈≈..♣♣..≈....♣♣
♣♣♣≈.♣≈≈≈≈≈≈
♣.≈≈≈≈....≈♣..♣♣♣
♣♣..≈≈≈≈≈≈
♣.≈≈§♣≈≈≈≈...♣♣
♣♣♣≈..≈≈≈


You could see Donald and a friendly water elemental.

Vanquished Creatures
  Gastronok (Lair:1)
  A thorn hunter (Swamp:3)
  Kirke (Lair:4)
  2 entropy weavers (Lair:6)
  A fire dragon (Lair:6)
  Josephine (Lair:5)
  8 vault guards
  Erica (Lair:2)
  3 centaur warriors
  A ghost crab (Swamp:4)
  13 hydras
  3 two-headed ogres
  An anaconda (Lair:6)
  3 alligators
  10 orc high priests (Orc:2)
  13 spriggans
  A queen ant (Lair:6)
  The ghost of inc the Thaumaturge, a journeyman FeWz of Kikubaaqudgha (Lair:4)
  Sonja (Lair:4)
  2 swamp dragons
  An unseen horror (D:11)
  4 spriggan druids
  3 shambling mangroves
  A deep elf mage (D:12)
  A necromancer (Lair:5)
  6 ugly things
  An orc knight (Orc:2)
  A manticore (D:11)
  An orc sorcerer (Orc:2)
  6 black mambas
  6 elephants (Lair:4)
  Psyche (D:8)
  14 spiny frogs
  A gargoyle (D:12)
  3 kobold demonologists (D:12)
  2 rime drakes (Lair:6)
  6 komodo dragons
  The ghost of anotherperson the Cudgeler, a novice GrFi of Okawaru (D:3)
  4 freezing wraiths (Swamp:4)
  4 trolls
  9 polar bears (Lair:6)
  A merfolk (shapeshifter) (D:12)
  2 raiju (Lair:6)
  18 hornets
  5 tyrant leeches
  7 bog bodies
  Prince Ribbit (D:8)
  36 slime creatures
  3 blink frogs (Lair:4)
  12 hippogriffs
  A redback (Lair:3)
  9 wraiths
  A wyvern (D:11)
  2 shadows
  4 hogs (Lair:4)
  42 yaks
  5 basilisks
  8 vampire mosquitoes
  4 hungry ghosts
  12 wargs
  5 steam dragons
  4 insubstantial wisps (Swamp:3)
  3 swamp worm simulacra (Swamp:4)
  12 soldier ants
  8 hydra simulacra (Swamp:4)
  15 swamp worms
  6 acid dragons
  10 porcupines
  13 water moccasins
  13 hell hounds (Lair:6)
  4 swamp drakes
  18 orc warriors
  3 sky beasts
  2 ice beasts
  11 black bears (Lair:6)
  5 phantoms
  2 elephant zombies (Lair:5)
  A necrophage (D:12)
  7 centaurs
  10 ogres
  19 wolves
  12 crocodiles
  An elf zombie (D:11)
  3 big kobolds
  16 bullfrogs
  A gnoll sergeant (D:11)
  A water moccasin zombie (D:7)
  5 scorpions
  17 killer bees
  A troll zombie (D:11)
  10 wights
  5 howler monkeys (D:10)
  3 electric eels (Lair:5)
  2 crimson imps
  5 centaur zombies
  3 bullfrog zombies
  4 human zombies (D:11)
  5 jellies
  9 hounds
  35 orc priests
  2 centaur skeletons
  Jessica (D:2)
  4 bullfrog skeletons
  2 human skeletons (D:11)
  5 iguanas
  30 worker ants
  4 orc wizards
  A crocodile zombie (Lair:5)
  A hound zombie (D:8)
  2 hound skeletons
  A mummy (D:11)
  A worker ant zombie (D:10)
  13 gnolls
  A howler monkey skeleton (D:9)
  15 adders
  A shadow imp (D:10)
  An ooze (D:5)
  5 swamp drake simulacra (Swamp:4)
  2 adder skeletons
  5 worms
  A dart slug (D:1)
  10 leopard geckos
  108 orcs
  A ball python (D:4)
  6 bats
  4 giant cockroaches
  9 hobgoblins
  10 jackals
  5 quokkas
  11 frilled lizards
  11 goblins
  A jackal skeleton (D:7)
  14 kobolds
  A leopard gecko skeleton (D:4)
  2 leopard gecko zombies
  A quokka skeleton (D:8)
  9 rats
  4 fulminant prisms
  A fungus (Lair:4)
  2 plants (Lair:1)
934 creatures vanquished.

Vanquished Creatures (others)
  A hydra (Swamp:4)
  A shambling mangrove (Swamp:4)
  4 hornets (Swamp:4)
  A spriggan (Swamp:4)
  A human (Lair:4)
  169 fulminant prisms
  13 fungi
  29 plants
219 creatures vanquished.

Grand Total: 1153 creatures vanquished

Notes
Turn   | Place    | Note
-------+----------+-------------------------------------------
     0 | D:1      | garbagetei the Draconian Conjurer began the quest for the Orb.
     0 | D:1      | Reached XP level 1. HP: 14/14 MP: 3/3
    85 | D:1      | Reached XP level 2. HP: 13/20 MP: 1/5
   331 | D:1      | Reached XP level 3. HP: 25/26 MP: 6/6
   648 | D:1      | Learned a level 2 spell: Searing Ray
  1151 | D:2      | Reached skill level 1 in Maces & Flails
  1174 | D:2      | Found a snail-covered altar of Cheibriados.
  1174 | D:2      | Found a sacrificial altar of Ru.
  1433 | D:2      | Found a burning altar of Makhleb.
  1448 | D:2      | Reached XP level 4. HP: 18/33 MP: 4/8
  2228 | D:2      | Reached XP level 5. HP: 36/38 MP: 4/9
  2472 | D:2      | Noticed Jessica
  2479 | D:2      | Killed Jessica
  2479 | D:2      | Reached skill level 5 in Conjurations
  2620 | D:3      | Learned a level 2 spell: Blink
  2849 | D:3      | Noticed a phantom
  3009 | D:3      | Noticed anotherperson's ghost (novice GrFi)
  3028 | D:2      | Killed a phantom
  3028 | D:2      | Reached XP level 6. HP: 35/45 MP: 1/11
  3382 | D:4      | Found a hide-covered altar of Uskayaw.
  3488 | D:4      | Reached skill level 1 in Translocations
  4274 | D:5      | Entered Level 5 of the Dungeon
  4535 | D:5      | Your scales start taking on a golden yellow colour.
  4535 | D:5      | Reached XP level 7. HP: 50/50 MP: 4/13
  5192 | D:5      | Reached skill level 6 in Conjurations
  5494 | D:6      | Learned a level 3 spell: Dazzling Spray
  5563 | D:6      | Reached skill level 1 in Fighting
  5945 | D:6      | Reached skill level 5 in Spellcasting
  6130 | D:6      | Found a basalt altar of Yredelemnul.
  6169 | D:6      | Reached XP level 8. HP: 57/59 MP: 10/15
  6510 | D:6      | Found a staircase to the Ecumenical Temple.
  6537 | Temple   | Entered the Ecumenical Temple
  6605 | Temple   | Became a worshipper of Vehumet
  6997 | D:6      | Reached skill level 7 in Conjurations
  7261 | D:7      | Noticed 1994's ghost (novice OgBe)
  7770 | D:3      | Killed anotherperson's ghost
  8112 | D:7      | Found an iron altar of Okawaru.
  8374 | D:7      | Found a bloodstained altar of Trog.
  8564 | D:7      | Reached XP level 9. HP: 60/70 MP: 11/18
  8850 | D:6      | Learned a level 4 spell: Force Lance
  8984 | D:8      | Reached skill level 8 in Conjurations
  9011 | D:8      | HP: 3/70 [poisoned by a killer bee]
  9018 | D:8      | HP: 3/70 [poisoned by a killer bee]
  9026 | D:8      | HP: 2/70 [poisoned by a killer bee]
  9364 | D:8      | Noticed Maurice
  9381 | D:8      | Noticed Psyche
  9593 | D:8      | Noticed Prince Ribbit
  9610 | D:8      | Killed Prince Ribbit
  9941 | D:9      | Reached skill level 5 in Dodging
 10315 | D:9      | Found a runed door.
 10360 | D:9      | Found a runed door.
 10585 | D:9      | Reached * piety under Vehumet
 10585 | D:9      | Offered knowledge of Shock by Vehumet.
 10658 | D:9      | Reached skill level 9 in Conjurations
 11151 | D:9      | Learned a level 3 spell: Mephitic Cloud
 11154 | D:9      | Found Biarr's Armour Shop.
 11154 | D:9      | Found Gugiamir's General Store.
 11166 | D:9      | Found Kozxeedgh's Armour Shoppe.
 11263 | D:9      | Bought a +0 buckler for 54 gold pieces
 11263 | D:9      | Bought a cursed +0 pair of gloves for 18 gold pieces
 11470 | D:9      | Reached XP level 10. HP: 80/80 MP: 11/21
 11771 | D:8      | Reached skill level 5 in Fighting
 11780 | D:8      | Reached skill level 1 in Shields
 11870 | D:8      | Found a glowing golden altar of the Shining One.
 12075 | D:8      | Found a blossoming altar of Fedhas.
 12102 | D:8      | Found Ufomein's General Store.
 12108 | D:8      | Bought a scroll of identify for 26 gold pieces
 12108 | D:8      | Bought a scroll of amnesia for 45 gold pieces
 12623 | D:8      | Killed Psyche
 12752 | D:10     | Entered Level 10 of the Dungeon
 12767 | D:10     | Learned a level 4 spell: Fulminant Prism
 13036 | D:10     | Reached ** piety under Vehumet
 13036 | D:10     | Offered knowledge of Freeze by Vehumet.
 13596 | D:10     | Reached skill level 10 in Conjurations
 14056 | D:10     | Offered knowledge of Ignite Poison by Vehumet.
 14253 | D:11     | Noticed a two-headed ogre
 14259 | D:11     | Noticed a brown ugly thing
 14272 | D:10     | Killed a two-headed ogre
 14415 | D:11     | Reached XP level 11. HP: 68/89 MP: 7/23
 14442 | D:11     | Noticed a centaur warrior
 14528 | D:11     | Killed a centaur warrior
 14849 | D:10     | Killed a brown ugly thing
 15140 | D:11     | Killed an unseen horror
 15164 | D:11     | Found a staircase to the Lair.
 15193 | D:11     | Noticed a white ugly thing
 15195 | D:11     | Noticed a brown ugly thing
 15202 | D:11     | Killed a white ugly thing
 15207 | D:11     | Killed a red ugly thing
 15207 | D:11     | Reached *** piety under Vehumet
 15561 | D:11     | Found a roughly hewn altar of Beogh.
 15561 | D:11     | Found a staircase to the Orcish Mines.
 15565 | D:11     | Offered knowledge of Olgreb's Toxic Radiance by Vehumet.
 15878 | Lair:1   | Entered Level 1 of the Lair of Beasts
 16019 | Lair:1   | Reached skill level 11 in Conjurations
 16587 | Lair:1   | Noticed Gastronok
 16611 | Lair:1   | Noticed a seven-headed hydra
 16638 | Lair:1   | Killed a seven-headed hydra
 16638 | Lair:1   | Reached skill level 10 in Spellcasting
 16653 | Lair:1   | Reached **** piety under Vehumet
 17582 | Lair:2   | Noticed a seven-headed hydra
 17625 | Lair:2   | Killed a seven-headed hydra
 17751 | Lair:2   | Reached XP level 12. HP: 100/100 MP: 20/26
 17789 | Lair:2   | Offered knowledge of Lee's Rapid Deconstruction by Vehumet.
 18238 | Lair:2   | Reached skill level 1 in Air Magic
 18625 | Lair:2   | Noticed Erica
 18903 | Lair:2   | Reached skill level 12 in Conjurations
 19436 | Lair:2   | Found the +8 whip "Snakebite" {curare, rPois}
 19704 | Lair:2   | Killed Erica
 20160 | Lair:3   | Found a staircase to the Swamp.
 20367 | Lair:3   | Found a hole to the Spider Nest.
 21005 | Lair:4   | Noticed Sonja
 21014 | Lair:4   | Killed Sonja
 21324 | Lair:4   | Noticed a four-headed hydra
 21337 | Lair:4   | Killed a four-headed hydra
 21360 | Lair:4   | Noticed inc's ghost (journeyman FeWz)
 21763 | Lair:4   | Reached XP level 13. HP: 108/108 MP: 28/28
 22002 | Lair:4   | Reached ***** piety under Vehumet
 22186 | Lair:4   | Noticed Kirke
 22812 | D:11     | Offered knowledge of Bolt of Draining by Vehumet.
 22951 | Orc:1    | Entered Level 1 of the Orcish Mines
 23171 | Orc:2    | Entered Level 2 of the Orcish Mines
 23340 | Orc:2    | Reached skill level 13 in Conjurations
 24034 | Orc:2    | Reached skill level 5 in Maces & Flails
 24166 | Orc:2    | Found a staircase to the Elven Halls.
 24335 | Orc:2    | Found Ykellus's Assorted Antiques.
 24335 | Orc:2    | Found Desouw's Armour Emporium.
 24370 | Orc:2    | Bought a scroll labeled DECVOA QIODO for 29 gold pieces
 24421 | Orc:2    | Found a roughly hewn altar of Beogh.
 24491 | Orc:2    | Found Fafewn's Antique Weapon Boutique.
 24491 | Orc:2    | Found Adoxoipu's Distillery.
 24977 | Orc:2    | Bought a potion of heal wounds for 65 gold pieces
 25120 | Orc:2    | Bought a +0 pair of boots for 58 gold pieces
 26247 | D:11     | Found a basalt altar of Yredelemnul.
 27206 | D:11     | Offered knowledge of Sticky Flame by Vehumet.
 27291 | D:11     | Learned a level 4 spell: Sticky Flame
 28254 | D:12     | Found Livuott's Assorted Antiques.
 28596 | D:12     | Gained mutation: You have acidic saliva. [Yellow Draconian growth]
 28596 | D:12     | Reached XP level 14. HP: 91/119 MP: 30/30
 28927 | D:12     | Reached skill level 1 in Fire Magic
 29053 | D:13     | Reached skill level 5 in Shields
 30512 | D:13     | Reached skill level 14 in Conjurations
 30549 | D:12     | Reached skill level 10 in Fighting
 31896 | D:13     | Found a hazy altar of Hepliaklqana.
 31944 | D:13     | Found a gate to the Vaults.
 32837 | Lair:1   | Killed Gastronok
 33066 | Lair:4   | Killed Kirke
 33255 | Lair:4   | Killed inc's ghost
 33372 | Lair:5   | Found a staircase to the Slime Pits.
 33372 | Lair:5   | Found a viscous altar of Jiyva.
 33432 | Lair:5   | Noticed Josephine
 33532 | Lair:5   | Killed Josephine
 33910 | Lair:5   | Got a pair of blackened gloves
 33922 | Lair:5   | Identified the +1 pair of gloves of the Mind {rElec MR+ Str+5} (You found it on level 5 of the Lair of Beasts)
 34680 | Lair:6   | Entered Level 6 of the Lair of Beasts
 34717 | Lair:6   | Offered knowledge of Ozocubu's Refrigeration by Vehumet.
 34761 | Lair:6   | Noticed an entropy weaver
 34903 | Lair:6   | Noticed an entropy weaver
 35435 | Lair:6   | Killed an entropy weaver
 35820 | Lair:6   | Reached XP level 15. HP: 112/128 MP: 4/32
 37912 | Lair:6   | Reached ****** piety under Vehumet
 38177 | Lair:6   | Identified the +0 pair of gloves "Nirikhei" {rElec rN+ Int+2 Stlth-} (You found it on level 6 of the Lair of Beasts)
 38412 | Swamp:1  | Entered Level 1 of the Swamp
 39018 | Swamp:1  | Learned a level 5 spell: Fireball
 39027 | Swamp:1  | Reached skill level 10 in Dodging
 39451 | Swamp:1  | Reached skill level 15 in Conjurations
 42153 | Swamp:3  | Offered knowledge of Lightning Bolt by Vehumet.
 42157 | Swamp:3  | Noticed a thorn hunter
 43749 | Swamp:3  | Killed a thorn hunter
 43749 | Swamp:3  | Reached XP level 16. HP: 135/137 MP: 9/34
 44256 | Swamp:4  | Entered Level 4 of the Swamp
 44662 | Swamp:4  | Learned a level 5 spell: Lightning Bolt
 44726 | Swamp:4  | Noticed Donald
 45076 | Swamp:4  | Reached skill level 5 in Fire Magic
 46037 | Swamp:3  | HP: 4/138 [Donald/long sword of holy wrath (28)]
 46038 | Swamp:3  | Slain by Donald

Skill      XL: |  1  2  3  4  5  6  7  8  9 10 11 12 13 14 15 16 |
---------------+-------------------------------------------------+-----
Dodging        | 2 3 4 5 6 7 8 9 10 | 10.4
Maces & Flails | 1 2 3 5 7 8 |  8.9
Spellcasting   | 3 4 5 6 7 8 10 11 12 13 14 | 14.1
Conjurations   | 5 6 7 9 10 11 12 13 14 15 | 15.5
Translocations | 1 2 |  2.1
Fighting       | 1 3 4 6 7 8 9 10 11 | 11.4
Shields        | 4 6 7 |  7.5
Air Magic      | 3 |  3.0
Fire Magic     | 2 4 5 |  5.3
Stealth        | |  1.7

Action                   |  1- 3 |  4- 6 |  7- 9 | 10-12 | 13-15 | 16-18 || total
-------------------------+-------+-------+-------+-------+-------+-------++-------
Melee: Whip              |   160 |   180 |   251 |    89 |  1391 |   128 ||  2199
       Tailslap          |    15 |    14 |    24 |    16 |   208 |    21 ||   298
       Unarmed           |     1 |       |       |       |       |       ||     1
       Staff             |       |       |       |    71 |       |       ||    71
       Bite              |       |       |       |       |   101 |    23 ||   124
 Cast: Magic Dart        |    21 |    19 |    35 |   129 |    27 |     3 ||   234
       Searing Ray       |     2 |    23 |    63 |   100 |    15 |       ||   203
       Blink             |       |       |     1 |       |     4 |     6 ||    11
       Force Lance       |       |       |     1 |    30 |   168 |     2 ||   201
       Dazzling Spray    |       |       |     1 |    13 |    20 |     3 ||    37
       Fulminant Prism   |       |       |       |    51 |   122 |       ||   173
       Mephitic Cloud    |       |       |       |     6 |     4 |       ||    10
       Sticky Flame      |       |       |       |       |    18 |       ||    18
       Fireball          |       |       |       |       |    56 |    52 ||   108
       Lightning Bolt    |       |       |       |       |       |     1 ||     1
 Abil: Breathe Acid      |       |       |     9 |    12 |    10 |     1 ||    32
Evoke: Wand              |       |       |       |    11 |     2 |     6 ||    19
       Phial of floods   |       |       |       |       |       |     1 ||     1
  Use: Potion            |       |       |     6 |     1 |     1 |     1 ||     9
       Scroll            |       |       |     6 |    10 |    20 |       ||    36
 Stab: Sleeping          |     2 |     5 |     3 |     2 |     3 |       ||    15
       Paralysed         |       |       |       |     3 |    10 |    10 ||    23
       Invisible         |       |       |       |       |     4 |       ||     4
       Distracted        |       |       |       |       |     3 |     1 ||     4
  Eat: Chunk             |     2 |    12 |    36 |    40 |    81 |     7 ||   178
       Ration            |       |       |     1 |       |     2 |     2 ||     5
Armor: Skin              |    61 |    71 |   123 |   102 |   367 |    37 ||   761
Dodge: Dodged            |   128 |   149 |   286 |   307 |  1087 |    97 ||  2054
Block: Buckler           |       |       |       |    76 |   345 |    33 ||   454
